 Dungeon Crawl Stone Soup version 0.17-a0-1646-geb1493d (webtiles) character file.

259 karlkraus the Covered (level 5, 0/47 HPs)
             Began as a Minotaur Fighter on Aug 10, 2015.
             Succumbed to poison (a potion of poison)
             ... on level 4 of the Dungeon.
             The game lasted 00:04:14 (2197 turns).

karlkraus the Covered (Minotaur Fighter)            Turns: 2197, Time: 00:04:15

Health: 0/47       AC:  7    Str: 23 (25) XL:     5   Next: 95%
Magic:  4/4        EV:  9    Int:  5      God:
Gold:   162        SH: 10    Dex: 11      Spells: 0 memorised, 4 levels left

rFire  . . .     SeeInvis .     a - +0 flail
rCold  . . .     Clarity  .     b - +0 scale mail
rNeg   . . .     SustAt   .     c - +0 shield
rPois  .         Gourm    .     (helmet restricted)
rElec  .         Spirit   .     (no cloak)
rCorr  .         Warding  .     (no gloves)
rMut   .         Stasis   .     (no boots)
MR     +....                    (no amulet)
Stlth  ..........               (no ring)
                                k - ring of protection from magic

@: mighty, lethally poisoned (0 -> -11), very slightly contaminated, invisible,
somewhat resistant to hostile enchantments, extremely unstealthy
A: retaliatory headbutt, horns 2
a: no special abilities


You were on level 4 of the Dungeon.
You were hungry.

You visited 1 branch of the dungeon, and saw 4 of its levels.

You collected 162 gold pieces.

Inventory:

Hand weapons
 a - a +0 flail (weapon)
Armour
 b - a +0 scale mail (worn)
 c - a +0 shield (worn)
Jewellery
 k - a ring of protection from magic (left hand)
Magical devices
 m - a wand of fireball (8)
Scrolls
 f - a scroll of fog {unknown}
 i - 3 scrolls of remove curse {unknown}
 j - a scroll of recharging {unknown}
 l - 3 scrolls of identify {unknown}
 n - a scroll of immolation {unknown}
 o - a scroll of amnesia {unknown}
 p - a scroll of fear {unknown}
Potions
 d - a potion of might
 h - a potion of invisibility
 q - a potion of degeneration
Comestibles
 e - 5 bread rations
 g - a slice of pizza
 r - 2 beef jerkies
 t - 3 fruits


   Skills:
 + Level 4.7 Fighting
 + Level 3.1 Maces & Flails
 + Level 5.1 Armour
 + Level 2.4 Dodging
 + Level 0.6 Stealth
 + Level 5.0 Shields


You had 4 spell levels left.
You didn't know any spells.

Dungeon Overview and Level Annotations

Branches:
Dungeon (4/15)
 Temple: D:4-7

Altars:


Innate Abilities, Weirdness & Mutations

You reflexively headbutt those who attack you in melee.
You have a pair of horns on your head.


Message History

Drink which item? (? for menu, Esc to quit)
It was a potion of poison.
That liquid tasted very nasty...
You are lethally poisoned!
* * * LOW HITPOINT WARNING * * *
You feel sick.
Something hits the orc priest.
You are too injured to fight recklessly!
You are too injured to fight recklessly!
You are too injured to fight recklessly!
You are feeling hungry.
* * * LOW HITPOINT WARNING * * *
You feel sick.
There is an open door here.
Things that are here:
a war axe; an orc corpse
* * * LOW HITPOINT WARNING * * *
You feel sick. The orc closely misses you.
Something hits you but does no damage.
You barely miss the orc.
You die...

#... # ...........#...# #..#
.# ...........#####
#..###..####+#....#+#######
#............#....'.......+
#.o..........+....#.......#
#..####+###.o#....#...###+#
#..####.###..#....#...###.###
#....'....'..#....+..........
#....#....#o@)....#..........
#..########+##....#...###..##
#+## ..........##...###..##
..........#....#......
..........+...........
..........###.....####
##########.....#### #.....#
#.....#


You could see an orc priest and an orc.

Vanquished Creatures
  A hound (D:3)
  Natasha (D:2)
  2 orc wizards (D:3)
  7 adders
  An ooze (D:2)
  4 worms
  3 orcs (D:3)
  8 bats
  8 giant cockroaches
  8 hobgoblins
  4 jackals (D:3)
  A giant gecko (D:1)
  5 giant newts
  10 goblins
  4 kobolds (D:2)
  5 rats
72 creatures vanquished.

Vanquished Creatures (others)
  An orc (D:4)
1 creature vanquished.

Grand Total: 73 creatures vanquished

Notes
Turn   | Place    | Note
--------------------------------------------------------------
     0 | D:1      | karlkraus the Minotaur Fighter began the quest for the Orb.
     0 | D:1      | Reached XP level 1. HP: 19/19 MP: 0/0
   185 | D:1      | Reached XP level 2. HP: 16/27 MP: 1/1
   308 | D:1      | Reached skill level 4 in Armour
   759 | D:2      | Reached XP level 3. HP: 28/33 MP: 2/2
   938 | D:2      | Noticed Natasha
   944 | D:2      | Killed Natasha
   944 | D:2      | Reached XP level 4. HP: 29/40 MP: 3/3
   971 | D:2      | Reached skill level 1 in Dodging
  1243 | D:3      | Reached skill level 5 in Armour
  1243 | D:3      | Reached XP level 5. HP: 27/46 MP: 4/4
  1584 | D:3      | Reached skill level 5 in Shields
  2195 | D:4      | HP: 2/47 [poison (a potion of poison)]
  2197 | D:4      | Succumbed to poison (a potion of poison)

Vault maps used:
D:1:      minmay_arrival_glassed_features, minmay_misc_feat_doors
D:2:      uniq_natasha
D:4:      minitemple, first_bread, lexackson_kobold_supper, uniq_sigmund

Action                   |  1- 3 |  4- 6 || total
-------------------------+-------+-------++-------
Melee: Flail             |    86 |   113 ||   199
  Use: Potion            |       |     5 ||     5
  Eat: Chunk             |       |     4 ||     4
